 Dungeon Crawl Stone Soup version 0.24.0-125-gc4c63601f3 (webtiles) character file.

Game seed: 10740849203377438953, levelgen mode: deterministic

497 HawFromDerth the Magician (level 6, 0/48 HPs)
             Began as a Deep Elf Venom Mage on Feb 17, 2020.
             Slain by a phantom (5 damage)
             ... on level 5 of the Dungeon.
             The game lasted 00:16:01 (4903 turns).

HawFromDerth the Magician (Deep Elf Venom Mage)     Turns: 4903, Time: 00:16:01

Health: 0/48       AC: 23    Str:  5    XL:     6   Next: 93%
Magic:  17/17      EV:  2    Int: 22    God:
Gold:   134        SH:  0    Dex: 15    Spells: 7/17 levels left

rFire    + . .     SeeInvis .   i - +0 mace
rCold    + . .     Gourm    .   (no shield)
rNeg     + + +     Faith    .   (armour currently unavailable)
rPois    +         Spirit   .   (helmet currently unavailable)
rElec    +         Reflect  .   (cloak currently unavailable)
rCorr    +         Harm     .   (gloves currently unavailable)
MR       .....     NoTele   +   (boots currently unavailable)
Stlth    ++........             (no amulet)
HPRegen  0.16/turn              (no ring)
MPRegen  0.15/turn              (no ring)

@: tree-form, resistant
A: no striking features
a: no special abilities


You were on level 5 of the Dungeon.
You were not hungry.
You were a tree.
You visited 1 branch of the dungeon, and saw 5 of its levels.

You collected 134 gold pieces.

Inventory:

Hand Weapons
 i - a +0 mace (weapon)
Armour
 a - a +1 robe (melded)
 e - a +0 cloak (melded)
Wands
 f - a wand of random effects (15)
Scrolls
 b - a scroll of blinking {unknown}
 g - 2 scrolls of teleportation
 h - a scroll of amnesia
Comestibles
 c - 4 rations


   Skills:
 - Level 0.1 Fighting
 + Level 3.3 Dodging
 + Level 3.1 Stealth
 + Level 6.4 Spellcasting
 + Level 2.6 Conjurations
 + Level 2.2 Air Magic
 + Level 5.1 Poison Magic
 + Level 1.2 Evocations


You had 7 spell levels left.
You knew the following spells:

 Your Spells              Type           Power        Failure   Level  Hunger
a - Sting                 Conj/Pois      ###.         1%          1    None
b - Poisonous Vapours     Pois/Air       ###...       3%          2    None
c - Mephitic Cloud        Conj/Pois/Air  ###.....     7%          3    #......
d - Olgreb's Toxic Radia  Pois           ####....     11%         4    ###....

Your spell library contained the following spells:

 Spells                   Type           Power        Failure   Level  Hunger
 Venom Bolt               Conj/Pois      ###.......   45%         5    #####..


Dungeon Overview and Level Annotations

Branches:
Dungeon (5/15)
 Temple: D:4-7

Altars:
Ru
Uskayaw


Message History

You cannot move.
You start resting.
The phantom blinks!
A phantom is nearby!
You cannot move.
You cannot move.
You closely miss the phantom.
The phantom is moderately damaged.
The phantom hits you but does no damage. x2
You hit the phantom but do no damage.
The phantom is moderately damaged.
The phantom hits you but does no damage. x2
You closely miss the phantom.
The phantom is moderately damaged.
The phantom hits you but does no damage. x2
You closely miss the phantom.
The phantom is moderately damaged.
The phantom is no longer moving quickly.
The phantom hits you.
You die...

#...#..#.......
#...##.# .......
#.<....##...#..#
##......##<..#.##..
#...............#..
###....##..........
#....†............
#................#
####...♣†.........
##..W!.........
###...#........
##.....#........
#...............
#.................
#.............##..
#....##....##.# .
#.... #....# .#


You could see a phantom.

Vanquished Creatures
  A black bear (D:4)
  A phantom (D:4)
  2 scorpions (D:4)
  A howler monkey (D:2)
  A hound (D:4)
  6 adders
  An ooze (D:2)
  2 worms (D:2)
  5 dart slugs
  2 leopard geckos
  An orc (D:4)
  5 giant cockroaches
  12 goblins
  3 hobgoblins
  5 jackals
  7 kobolds
  2 quokkas
  9 bats
  6 frilled lizards
  6 rats
78 creatures vanquished.

Notes
Turn   | Place    | Note
-------+----------+-------------------------------------------
     0 | D:1      | HawFromDerth the Deep Elf Venom Mage began the quest for
                  | the Orb.
     0 | D:1      | Reached XP level 1. HP: 10/10 MP: 6/6
   353 | D:1      | Reached XP level 2. HP: 15/15 MP: 5/8
   824 | D:1      | Reached skill level 4 in Spellcasting
   899 | D:1      | Reached XP level 3. HP: 19/19 MP: 7/10
  1210 | D:1      | Learned a level 2 spell: Poisonous Vapours
  2225 | D:2      | Reached XP level 4. HP: 24/24 MP: 9/12
  2640 | D:2      | Found a faded altar of an unknown god.
  2698 | D:2      | Reached skill level 5 in Spellcasting
  2706 | D:2      | Learned a level 3 spell: Mephitic Cloud
  2872 | D:2      | Reached XP level 5. HP: 24/28 MP: 6/14
  3618 | D:3      | Found a hide-covered altar of Uskayaw.
  3619 | D:3      | Found a sacrificial altar of Ru.
  3660 | D:3      | You fall into a shaft and drop 1 floor!
  3718 | D:4      | Noticed a black bear
  3739 | D:4      | Killed a black bear
  3739 | D:4      | Reached skill level 1 in Air Magic
  3750 | D:4      | Reached XP level 6. HP: 23/32 MP: 4/16
  3855 | D:4      | Learned a level 4 spell: Olgreb's Toxic Radiance
  4130 | D:4      | Reached skill level 6 in Spellcasting
  4464 | D:4      | Reached skill level 5 in Poison Magic
  4574 | D:4      | Reached skill level 1 in Evocations
  4771 | D:5      | Entered Level 5 of the Dungeon
  4886 | D:5      | HP: 1/32 [something (3)]
  4903 | D:5      | Slain by a phantom

Levels and vault maps discovered:
D:1:      dpeg_arrival_another_circle, layout_basic, minmay_hexomino_p4
D:2:      layout_loops_corners, chequers_ecumenical_altar_simple_redux,
          chequers_big_river
D:3:      minmay_goblin_kobold_castle, layout_basic,
          gammafunk_temple_overflow_statue
D:4:      layout_loops_ring, first_ration
D:5:      layout_cave_pools, uniq_blork_the_orc, uniq_menkaure

Skill      XL: |  1  2  3  4  5  6 |
---------------+-------------------+-----
Spellcasting   | 4 5 6 |  6.4
Poison Magic   | 4 5 |  5.1
Dodging        | 3 |  3.3
Conjurations   | 2 |  2.6
Air Magic      | 1 2 |  2.2
Stealth        | 3 |  3.1
Evocations     | 1 |  1.2
Fighting       | |  0.1

Action                   |  1- 3 |  4- 6 || total
-------------------------+-------+-------++-------
Melee: Club              |    18 |     8 ||    26
       Mace              |       |    28 ||    28
 Cast: Sting             |    86 |    57 ||   143
       Poisonous Vapours |       |    21 ||    21
       Mephitic Cloud    |       |     1 ||     1
       Olgreb's Toxic Ra |       |     4 ||     4
Evoke: Wand              |       |    24 ||    24
  Use: Scroll            |     2 |     5 ||     7
       Potion            |     1 |     2 ||     3
  Eat: Ration            |     1 |     3 ||     4
Armor: Robe              |     9 |    20 ||    29
       Skin              |       |     9 ||     9
Dodge: Dodged            |    31 |    53 ||    84
